Map: King's Cove LE

Players

Astrea

  • Race: Protoss Protoss
  • Spawn Location: 5:00

Vanya - Winner!

  • Race: Zerg Zerg
  • Spawn Location: 11:00

Event: 2019 WCS Summer

VOD

Have the link to the VOD?

Description

Time

  • Played on: July 12, 2019, 1:50 p.m.
  • Length: 11:46

All games in this series

Show
View Real Time Build Order
Export as new Build Order

Astrea Protoss 

Build Orders: Nexus First, Phoenix Opening 

Get SALT Encoding   

  12  0:00  Probe  
  13  0:12  Probe  
  14  0:18  Pylon  
  14  0:24  Probe  
  15  0:32  Probe  
  15  0:40  Probe  
  17  0:51  Probe  
  18  1:05  Nexus  
  18  1:08  Probe  
  19  1:18  Gateway  
  19  1:21  Probe  
  20  1:28  Assimilator  
  20  1:29  Probe  
  20  1:35  Assimilator  
  20  1:37  Probe  
  21  1:44  Pylon  
  22  1:47  Probe  
  23  2:02  Probe  
  23  2:05  Cybernetics Core  
  24  2:08  Zealot  
  24  2:14  Probe  
  24  2:15  Probe  
  28  2:23  Probe  
  28  2:26  Probe  
  30  2:33  Probe, Sentry  
  31  2:38  Probe  
  31  2:43  Warp Gate  
  34  2:45  Probe  
  34  2:46  Pylon  
  34  2:50  Probe  
  35  2:53  Robotics Facility  
  35  3:00  Probe  
  35  3:04  Probe  
  35  3:05  Sentry  
  39  3:10  Gateway  
  39  3:12  Probe  
  40  3:16  Probe  
  41  3:24  Probe, Pylon  
  42  3:28  Probe  
  42  3:30  Immortal  
  42  3:32  Pylon  
  42  3:33  Sentry  
  45  3:36  Probe  
  46  3:42  Probe  
  46  3:46  Phoenix  
  51  3:52  Gateway x2  
  51  3:56  Gateway  
  51  3:58  Warp Prism  
  51  4:01  Gateway  
  53  4:23  Gateway  
  53  4:26  Pylon x2  
  53  4:29  Observer  
  53  4:31  Sentry x2  
  58  4:42  Pylon  
  58  4:43  Pylon  
  58  4:49  Pylon x2  
  58  4:50  Zealot x2  
  62  4:55  Stalker x2  
  62  4:56  Zealot x2  
  70  5:03  Pylon  
  70  5:11  Stalker x2  
  74  5:27  Stalker, Immortal  
  68  5:29  Zealot x4  
  68  5:35  Probe x2  
  58  5:37  Assimilator  
  58  5:39  Assimilator  
  56  5:47  Probe x2  
  58  5:59  Probe x2  
  58  6:03  Warp Prism  
  60  6:09  Stalker x5  
  60  6:10  Zealot  
  72  6:11  Probe x2  
  72  6:14  Zealot  
  73  6:23  Probe  
  74  6:30  Sentry  
  74  6:32  Sentry, Zealot  
  75  6:33  Zealot x2  
  75  6:36  Zealot  
  75  6:38  Immortal  
  85  6:53  Forge  
  85  6:54  Twilight Council  
  85  7:02  Gateway  
  85  7:09  Probe x2  
  85  7:12  Nexus  
  87  7:21  Probe x2  
  89  7:24  Charge  
  89  7:33  Probe, Gateway  
  89  7:34  Stargate  
  89  7:35  Stargate  
  90  7:37  Protoss Ground Weapons Level 1  
  90  7:40  Probe  
  90  7:41  Shield Battery  
  91  7:45  Probe, Shield Battery  
  92  7:52  Probe  
  92  7:57  Probe  
  94  8:04  Probe  
  95  8:09  Probe  
  100  8:14  Phoenix  
  102  8:21  Phoenix  
  102  8:24  Pylon x2  
  100  8:31  Probe x2  
  100  8:32  Probe, Templar Archives  
  103  8:34  Photon Cannon, Phoenix  
  103  8:37  Pylon  
  105  8:46  Phoenix  
  107  8:55  Phoenix  
  101  8:58  Probe x2  
  101  8:59  Probe  
  103  9:03  Phoenix  
  103  9:09  Zealot x2  
  107  9:10  Zealot x2, Probe  
  107  9:14  Phoenix  
  112  9:17  Zealot x2  
  112  9:20  Zealot  
  112  9:23  Sentry  
  110  9:26  Phoenix  
  73  9:47  Zealot x8  
  80  9:53  Probe x2  
  68  10:01  Probe  
  68  10:05  Probe x2  
  47  10:19  Sentry x3  
  45  10:32  Sentry  
  42  10:44  Probe  
  43  11:09  Zealot  
  44  11:15  Zealot  
  46  11:27  Zealot  
Show
View Real Time Build Order
Export as new Build Order

Vanya Zerg - Winner!

Build Orders: Hatch First 

Get SALT Encoding   

  12  0:00  Drone  
  13  0:12  Overlord  
  13  0:17  Drone  
  14  0:31  Drone x2  
  16  0:48  Hatchery  
  15  0:52  Drone  
  15  0:56  Drone  
  17  0:59  Drone  
  18  1:10  Extractor  
  17  1:15  Spawning Pool  
  17  1:18  Drone  
  17  1:23  Drone  
  18  1:31  Drone  
  19  1:41  Drone  
  20  1:53  Overlord  
  20  2:03  Queen x2  
  20  2:04  Zergling x2  
  20  2:05  Zergling x2  
  26  2:12  Drone x2  
  28  2:17  Metabolic Boost  
  28  2:22  Drone  
  29  2:23  Drone  
  30  2:37  Drone x2  
  32  2:48  Drone x2  
  34  2:54  Overlord  
  34  2:55  Overlord  
  34  3:04  Hatchery  
  34  3:05  Queen  
  33  3:09  Drone  
  33  3:12  Drone  
  36  3:13  Drone  
  36  3:14  Drone  
  36  3:18  Drone x2  
  36  3:19  Drone  
  41  3:22  Drone  
  41  3:25  Drone  
  43  3:32  Drone x2  
  45  3:41  Zergling x4, Queen  
  49  3:49  Roach Warren  
  49  3:50  Drone x3  
  49  3:51  Drone  
  52  4:00  Overlord  
  52  4:13  Extractor x2  
  52  4:15  Drone x2  
  52  4:19  Drone x2  
  52  4:20  Drone x2  
  52  4:21  Drone  
  57  4:30  Roach x3, Overlord  
  57  4:31  Zergling x2, Overlord  
  64  4:43  Roach  
  64  4:45  Overlord x2  
  65  4:51  Roach x3  
  65  4:52  Zergling x14  
  78  4:54  Ravager x2  
  78  4:56  Zergling x2  
  78  4:58  Overlord x2  
  81  5:05  Roach  
  81  5:06  Ravager  
  85  5:07  Zergling x2  
  85  5:10  Zergling x2  
  85  5:13  Ravager  
  87  5:14  Zergling x2  
  87  5:17  Zergling x2  
  86  5:21  Zergling x2, Roach x2  
  86  5:22  Roach  
  86  5:25  Zergling x2, Roach x2  
  90  5:31  Zergling x6, Roach x2  
  92  5:41  Zergling x2  
  92  5:42  Lair  
  93  5:46  Zergling x4, Evolution Chamber  
  94  5:51  Drone  
  94  5:55  Drone x2  
  97  6:07  Zergling x2  
  97  6:08  Zergling x4  
  100  6:13  Zergling x4  
  100  6:14  Zergling x2  
  100  6:15  Zergling x2  
  100  6:16  Zergling x4  
  100  6:17  Zergling x10  
  109  6:23  Zergling x2  
  105  6:27  Zergling x4  
  100  6:33  Zergling x2  
  100  6:35  Zerg Missile Weapons Level 1  
  100  6:38  Zergling x2, Roach x2  
  105  6:42  Zergling x2  
  105  6:43  Zergling x2, Roach  
  105  6:46  Extractor, Spire  
  107  6:47  Overseer, Extractor  
  107  6:48  Zergling x2, Extractor  
  107  6:53  Drone x2  
  108  7:01  Drone x3  
  111  7:08  Drone  
  111  7:09  Overlord x2  
  111  7:11  Overlord x2  
  112  7:27  Overlord x2  
  112  7:28  Drone x2  
  112  7:29  Drone x2  
  116  7:43  Drone x3  
  119  7:44  Drone, Overlord  
  120  7:57  Mutalisk x5  
  120  7:58  Mutalisk x4  
  132  8:01  Roach  
  132  8:05  Roach x3  
  146  8:07  Glial Reconstitution  
  146  8:09  Zergling x8  
  150  8:18  Zergling x6  
  150  8:19  Hatchery, Overlord  
  151  8:23  Zerg Flyer Weapons Level 1  
  151  8:32  Roach  
  153  8:34  Overlord  
  153  8:41  Overlord  
  153  8:42  Mutalisk x3  
  153  8:43  Mutalisk  
  153  8:45  Overlord  
  161  8:56  Mutalisk x3  
  161  8:58  Zergling x2  
  161  8:59  Zergling x10  
  171  9:04  Mutalisk x2  
  175  9:11  Zergling x8  
  175  9:12  Zergling x2  
  173  9:18  Zergling x2, Roach x2  
  157  9:36  Zergling x10, Roach x4  
  157  9:37  Roach  
  164  9:40  Zergling x6  
  164  9:45  Baneling Nest, Zerg Melee Weapons Level 1  
  161  9:50  Drone x2  
  152  9:53  Drone x2  
  152  9:58  Zergling x2, Roach x2  
  150  10:01  Zergling x4, Roach  
  142  10:08  Zergling x6, Roach  
  142  10:12  Zergling x2  
  142  10:13  Zergling x2, Roach  
  140  10:15  Roach  
  140  10:20  Zergling x2, Roach x2  
  137  10:25  Corruptor  
  137  10:27  Corruptor  
  125  10:32  Corruptor  
  123  10:39  Corruptor x2  
  122  10:43  Corruptor  
  122  10:48  Corruptor  
  117  10:52  Corruptor  
  115  10:58  Corruptor  
  115  11:01  Corruptor  
  111  11:07  Corruptor  
  108  11:11  Corruptor  
  108  11:15  Extractor  
  108  11:16  Extractor  
  108  11:17  Corruptor  
  110  11:21  Drone x3  
  110  11:24  Drone x2  
  110  11:25  Drone  
Tags
 
Add a new tag
Caveats
  • Supply blocks, unpowered buildings, or Contaminate may cause inaccurate times.
  • Supply counts are checked every 10 seconds.